Description

Harstem's "Push Like a Korean After DT Drop."

4:30 - 4 DT harass

7:00 - Timing attack off 3 base, 4 gas, 54 probes

This build had already been published on here, but the steps didn't actually match the replay (e.g. some supply counts and times were off, some things were out of order, and some were left out). Chrono boosts have been added. Finally, I removed all the early probes as it just cluttered up the build (and they randomly stopped being noted at some point in the old version which was confusing), and instead noted important times/counts to cut/resume probing.

VOD

https://www.youtube.com/watch?v=EZ5OTkGQogY

Replay - 2019-05-12 - (P)Harstem VS (Z)A.I. 1 (Very Easy)

Build Order

Get SALT Encoding   

  14  0:18  Pylon  
  16  0:39  Gateway Chrono Probes; Scout  
  17  0:48  Assimilator  
  20  1:26  Nexus, Action (Rallied 19/20 Probe), Cut Probe Until Core  
  20  1:33  Cybernetics Core  
  21  1:42  Assimilator  
  22  1:52  Pylon  
  23  2:10  Adept (Chrono Boost)  
  25  2:12  Warp Gate  
  26  2:22  Twilight Council  
  27  2:31  Stalker (Chrono Boost)  
  31  2:48  Robotics Facility  
  36  3:17  Dark Shrine  
  38  3:20  Gateway, Action Cut Probes Until Prism  
  38  3:36  Gateway x2  
  38  3:40  Warp Prism (Chrono Boost)  
  40  3:41  Action Resume Probes  
  42  3:48  Assimilator x2  
  43  3:56  Pylon  
  44  4:03  Pylon  
  49  4:30  Dark Templar x4 Chrono Probes @ Nat  
  59  4:44  Pylon  
  59  4:48  Action Cut Probes at 45 Probes  
  59  4:53  Nexus  
  59  4:55  Observer (Chrono Boost) Archons when done harassing  
  60  5:02  Forge  
  60  5:09  Immortal (Chrono Boost)  
  64  5:10  Sentry x2  
  68  5:13  Pylon  
  68  5:15  Action Probe slowly to 54 probes  
  72  5:33  Charge  
  72  5:36  Protoss Ground Weapons Level 1 (Chrono Boost)  
  72  5:37  Immortal (Chrono Boost)  
  78  5:57  Gateway x2  
  78  6:03  Gateway x2  
  78  6:08  Immortal (Chrono Boost)  
  84  6:12  Sentry x2  
  88  6:16  Pylon  
  88  6:20  Sentry  
  91  6:23  Pylon  
  91  6:29  Sentry  
  93  6:33  Action Push @ 3rd Immo; Zealots  
Spawning Tool Build Advisor. Get it on Overwolf

Go to:

Details

  • Created by: KillerFlea
  • Published on: Mar 15, 2020
  • Modified on: Mar 15, 2020
  • Patch: 4.11.0
Show
View Real Time Build Order
Export as new Build Order

Comments (0)

There are no comments. Be the first!

Create an account to comment!